 Seeded DCSS version 0.29-a0-1008-g949cc1d0fb (webtiles) character file.

Game seed: 5813312242544614216 (custom seed)

17028 flotson the Trooper (level 12, -3/92 HPs)
             Began as a Demonspawn Delver on Aug 7, 2022.
             Was an Initiate of Gozag.
             Slain by a death yak (21 damage)
             ... led by a torpor snail
             ... on level 2 of the Lair of Beasts on Aug 8, 2022.
             The game lasted 00:25:06 (15380 turns).

flotson the Trooper (Demonspawn Delver)            Turns: 15380, Time: 00:25:07

Health: -3/92      AC: 13    Str: 17    XL:     12   Next: 15%
Magic:  20/20      EV: 15    Int: 16    God:    Gozag
Gold:   2545       SH:  5    Dex: 15    Spells: 5/22 levels left

rFire   . . .      SeeInvis +   b - +7 hand axe "Miuphij" {freeze, Will+ Int+4}
rCold   . . .      Faith    .   k - orb {light}
rNeg    . . .      Spirit   .   R - +3 leather armour {Will+}
rPois   .          Reflect  +   (helmet unavailable)
rElec   .          Harm     .   L - +2 cloak of the Thief {*Fog Slay-2 SInv Stlth+}
rCorr   +          Rampage  .   (no gloves)
Will    ++...                   i - +0 pair of boots
Stlth   ++........              l - amulet of reflection
HPRegen 0.25/turn               B - ring of resist corrosion
MPRegen 0.17/turn               (no ring)

@: glowing, studying Polearms
A: horns 3, molten scales 1, powered by death 1, demonic magic 3
a: Renounce Religion, Potion Petition, Call Merchant, Bribe Branch


You were on level 2 of the Lair of Beasts.
You worshipped Gozag.
Gozag was most pleased with you.
You visited 3 branches of the dungeon, and saw 13 of its levels.
You also visited: Sewer and Bailey.

You collected 2898 gold pieces.
You spent 241 gold pieces at shops.
You paid 112 gold pieces to Gozag.

Inventory:

Hand Weapons
 a - a +2 spectral club
 b - the +7 hand axe "Miuphij" (weapon) {freeze, Will+ Int+4}
   (You found it on level 5 of the Dungeon)

   It freezes those it strikes, dealing additional cold damage.
   It can also slow down cold-blooded creatures.
   Int:       It affects your intelligence (+4).
   Will:      It increases your willpower.
 O - a +1 war axe of flaming
Missiles
 m - 23 curare-tipped darts (quivered)
 o - 36 poisoned darts
 G - 18 boomerangs
 P - 8 datura-tipped darts
 S - 4 atropa-tipped darts
Armour
 i - a +0 pair of boots (worn)
 k - an orb of light (worn)
 L - the +2 cloak of the Thief (worn) {*Fog Slay-2 SInv Stlth+}
   (You bought it in a shop on level 8 of the Dungeon)

   It may release a thick cloud of smoke when the wearer is hurt.
   Slay:      It affects your accuracy & damage with ranged weapons and melee
   (-2).
   SInv:      It lets you see invisible.
   Stlth:     It makes you more stealthy.
 R - a +3 leather armour of willpower (worn)
Jewellery
 l - an amulet of reflection (around neck)
 B - a ring of resist corrosion (left hand)
Wands
 g - a wand of digging (3)
 h - a wand of roots (20)
 v - a wand of paralysis (6)
 y - a wand of flame (8)
 J - a wand of light (18)
 K - a wand of mindburst (3)
Scrolls
 c - 4 scrolls of fog
 d - a scroll of magic mapping
 e - 3 scrolls of fear
 j - 6 scrolls of teleportation {unknown}
 n - 2 scrolls of summoning
 p - a scroll of brand weapon {unknown}
 r - 3 scrolls of poison {unknown}
 s - 2 scrolls of enchant weapon {unknown}
 x - 3 scrolls of blinking {unknown}
 H - a scroll of amnesia {unknown}
 I - a scroll of silence {unknown}
 M - 2 scrolls of enchant armour {unknown}
 N - 4 scrolls of vulnerability {unknown}
Potions
 f - a potion of haste
 q - 4 potions of heal wounds
 t - 2 potions of invisibility
 u - 4 potions of mutation
 w - 2 potions of brilliance
 z - 3 potions of attraction
 A - 2 potions of might
 C - 3 potions of berserk rage
 D - 3 potions of curing
 E - 2 potions of magic
 F - a potion of lignification {unknown}
 Q - a potion of flight {unknown}


   Skills:
 + Level 7.8 Fighting
 + Level 5.0(5.3) Axes
 - Level 1.6(3.5) Maces & Flails
 - Level 1.7(3.6) Polearms
 + Level 6.3 Throwing
 + Level 6.6 Armour
 + Level 6.9 Dodging
 - Level 4.5 Stealth
 + Level 5.5 Spellcasting
 + Level 3.2 Hexes
 + Level 6.0 Summonings
 + Level 2.7 Translocations
 + Level 2.7 Air Magic
 + Level 7.1 Evocations


You had 5 spell levels left.
You knew the following spells:

 Your Spells              Type           Power      Damage    Failure   Level
a - Call Canine Familiar  Summ           23%        N/A       4%          3
b - Summon Lightning Spi  Summ/Air       18%        N/A       28%         4
c - Summon Forest         Summ/Tloc      9%         N/A       61%         5
d - Summon Mana Viper     Hex/Summ       19%        N/A       56%         5

Your spell library contained the following spells:

 Spells                   Type           Power      Damage    Failure   Level
 Ensorcelled Hibernation  Hex/Ice        18%        N/A       13%         2
 Portal Projectile        Hex/Tloc       28%        N/A       14%         3
 Freeze                   Ice            16%        1d4       17%         1
 Swiftness                Air            13%        N/A       17%         3
 Passwall                 Tmut/Erth      3%         N/A       26%         2
 Dazzling Flash           Conj/Hex       18%        N/A       26%         3
 Frozen Ramparts          Ice            8%         1d2       45%         3
 Leda's Liquefaction      Hex/Erth       4%         N/A       65%         4
 Silence                  Hex/Air        7%         N/A       80%         5
 Hailstorm                Conj/Ice       4%         3d4       86%         4
 Agony                    Necr           4%         N/A       99%         5
 Blade Hands              Tmut           2%         N/A       99%         5
 Fireball                 Conj/Fire      2%         3d4       99%         5
 Irradiate                Conj/Tmut      2%         3d12      99%         5
 Summon Cactus Giant      Summ           11%        N/A       91%         6
 Starburst                Conj/Fire      2%         6d3       100%        6
 Dragon Form              Tmut           2%         N/A       100%        7
 Storm Form               Tmut/Air       4%         N/A       100%        7
 Ignition                 Fire           2%         3d3       100%        8
 Maxwell's Capacitive Co  Air            6%         ∞         100%        8


Dungeon Overview and Level Annotations

Branches:
Dungeon (10/15)            Temple (1/1) D:4            Lair (2/5) D:10
    Orc (0/2) D:9           Sewer (visited)          Bailey (visited)
  Swamp: Lair:2-3    Shoals: Lair:2-3     Snake: Lair:2-3    Spider: Lair:2-3

Altars:
Fedhas
Gozag
Makhleb
Nemelex Xobeh
Okawaru
Qazlal
Trog
Vehumet

Shops:
D:8 *


Innate Abilities, Weirdness & Mutations

You have a pair of large horns on your head.
You are partially covered in molten scales. (AC +2)
You regenerate a little health from kills.
Spells you cast and wands you use may paralyse nearby enemies.


Message History

* * * LOW HITPOINT WARNING * * *
You stumble backwards!
You hit the elephant. You freeze the elephant. You headbutt the elephant.
The elephant is severely wounded.
The elephant is distracted by your dazzling golden aura. x2
The elephant trumpets! x2
You hit the elephant but do no damage.
The elephant is no longer distracted by gold.
The elephant is severely wounded.
The elephant closely misses you. The elephant barely misses you.
The elephant is no longer distracted by gold.
The elephant attacks as you move away! You block the elephant's attack.
The elephant barely misses you.
The elephant is distracted by your dazzling golden aura.
A rime drake comes into view.
The elephant attacks as you move away! The elephant closely misses you. x2
The elephant attacks as you move away! The elephant barely misses you.
The elephant closely misses you.
A death yak comes into view.
The death yak moves out of view.
There is a stone staircase leading up here.
Options error: Bad pregen_dungeon value: true (should be classic, false or incremental) (~/.crawlrc:90) Welcome back, flotson the Demonspawn Delver.
Game seed: 5813312242544614216 (custom seed) Gozag says: Greed is good.
Press ? for a list of commands and other information.
The elephant attacks as you move away! The elephant tramples you!
* * * LOW HITPOINT WARNING * * *
The elephant trunk-slaps you but does no damage.
A death yak comes into view.
As you read the scroll of fear, it crumbles to dust.
You assume a fearsome visage.
The elephant looks frightened! x3
The death yak looks frightened!
Found a chain mail.
The death yak attacks as you move away! The death yak gores you.
* * * LOW HITPOINT WARNING * * *
The death yak attacks as you move away! The death yak closely misses you.
The death yak attacks as you move away! The death yak gores you!!
You die...
Your body crumbles into a pile of gold.

#.#..#...........# P#..
..##..#.............# .
.....##.................$
...............P....#...
.....##.............#...
......#..........#......
.....P#......#...#......
.....##....#.#...#..#...
....... #...#..@..#....
.....##. #......YP.#....
........................
..P...#..........#.PP...
..#.....................
...#.##..........#.#..#.
......P......#[..Y....#..
...#.........#...#..#....
..##.............#.#........


You could see 2 death yaks.

Vanquished Creatures
  A two-headed ogre (D:9)
  Pikel (D:8)
  An elephant (Lair:2)
  Joseph (D:8)
  A black mamba (Lair:1)
  A cane toad (Lair:1)
  2 polar bears (Lair:1)
  A hornet (D:9)
  4 blink frogs (Lair:1)
  Sigmund (D:2)
  A shadow (D:9)
  2 wraiths (D:10)
  A wyvern (D:7)
  35 yaks
  A vampire (D:10)
  4 basilisks
  3 acid dragons
  3 wargs (D:10)
  2 water moccasins
  2 ice beasts (D:6)
  6 orc warriors
  2 black bears
  A sky beast (D:6)
  4 ogres
  5 centaurs
  A phantom (D:5)
  3 lemures (D:8)
  13 kobold brigands
  8 bullfrogs
  5 scorpions
  A gnoll sergeant (D:8)
  2 howler monkeys (D:7)
  5 jellies
  A hound (D:4)
  8 orc priests
  Ijyb (D:3)
  A gnoll bouda (D:7)
  Crazy Yiuf (D:2)
  Jessica (D:3)
  An iguana (D:7)
  Terence (D:3)
  Natasha (thrice) (D:2)
  12 orc wizards
  2 hell rats (Lair:1)
  13 river rats
  8 adders
  12 gnolls
  2 dart slugs
  5 worms
  32 orcs
  5 bats
  9 endoplasms
  7 giant cockroaches
  8 goblins
  12 hobgoblins
  10 jackals (D:1)
  3 quokkas
  15 ball pythons
  5 frilled lizards
  29 kobolds
  9 rats
340 creatures vanquished.

Vanquished Creatures (collateral kills)
  An elephant (Lair:2)
  4 yaks
  A bullfrog (Lair:1)
  An orc (D:10)
7 creatures vanquished.

Vanquished Creatures (others)
  4 bushes (D:7)
  9 fungi (Lair:1)
  8 plants
21 creatures vanquished.

Grand Total: 368 creatures vanquished

Notes
Turn   | Place    | Note
-------+----------+-------------------------------------------
     0 | D:5      | flotson the Demonspawn Delver began the quest for the Orb.
     0 | D:5      | Reached XP level 1. HP: 18/18 MP: 1/1
    78 | D:4      | You fall into a shaft and drop 2 floors!
   232 | D:3      | Noticed Ijyb
   252 | D:3      | Killed Ijyb
   253 | D:3      | Reached skill level 1 in Armour
   253 | D:3      | Reached skill level 1 in Evocations
   253 | D:3      | Gained mutation: You are partially covered in molten
                  | scales. (AC +2) [demonic ancestry]
   253 | D:3      | Reached XP level 2. HP: 17/24 MP: 2/2
   253 | D:3      | Gained mutation: Spells you cast may paralyse adjacent
                  | enemies. [demonic ancestry]
   253 | D:3      | Reached XP level 3. HP: 21/29 MP: 3/3
   279 | D:3      | Found a glowing drain.
   350 | Sewer    | Entered a sewer
   687 | Sewer    | Noticed a kobold brigand
   726 | Sewer    | Killed a kobold brigand
   727 | Sewer    | Reached skill level 1 in Throwing
   727 | Sewer    | Reached XP level 4. HP: 6/37 MP: 4/4
  1027 | Sewer    | Noticed a kobold brigand
  1060 | Sewer    | Killed a kobold brigand
  1061 | Sewer    | Gained mutation: Spells you cast may paralyse nearby
                  | enemies. [demonic ancestry]
  1061 | Sewer    | Reached XP level 5. HP: 24/42 MP: 5/5
  1488 | Sewer    | Gained mutation: You have a pair of small horns on your
                  | head. [demonic ancestry]
  1488 | Sewer    | Reached XP level 6. HP: 41/48 MP: 6/6
  2199 | D:3      | Noticed Terence
  2211 | D:3      | Killed Terence
  2322 | D:2      | Noticed Natasha
  2330 | D:2      | Killed Natasha
  2332 | D:2      | Noticed Natasha
  2334 | D:2      | Found a faded altar of an unknown god.
  2339 | D:2      | Killed Natasha
  2351 | D:2      | Noticed Natasha
  2616 | D:1      | Gained mutation: You regenerate a little health from kills.
                  | [demonic ancestry]
  2616 | D:1      | Reached XP level 7. HP: 50/55 MP: 7/7
  3522 | D:2      | Noticed Sigmund
  3548 | D:2      | Killed Sigmund
  3619 | D:2      | Killed Natasha
  3751 | D:2      | Learned a level 3 spell: Call Canine Familiar
  3850 | D:2      | Found a runed translucent door.
  3851 | D:2      | Noticed Crazy Yiuf
  3927 | D:2      | Killed Crazy Yiuf
  4071 | D:3      | Noticed Jessica
  4076 | D:3      | Killed Jessica
  4129 | D:3      | Found a blossoming altar of Fedhas.
  5086 | D:4      | Found a staircase to the Ecumenical Temple.
  5106 | Temple   | Entered the Ecumenical Temple
  5137 | Temple   | Became a worshipper of Gozag Ym Sagoz the Greedy
  5294 | D:5      | Reached skill level 1 in Summonings
  5299 | D:5      | Reached skill level 1 in Spellcasting
  5299 | D:5      | Gained mutation: Spells you cast and wands you use may
                  | paralyse nearby enemies. [demonic ancestry]
  5299 | D:5      | Reached XP level 8. HP: 60/61 MP: 7/9
  5300 | D:5      | Reached skill level 5 in Fighting
  5362 | D:5      | Reached skill level 1 in Maces & Flails
  5833 | D:5      | Identified the +7 hand axe "Miuphij" {freeze, Will+ Int+4}
  6314 | D:6      | Reached skill level 1 in Axes
  6450 | D:6      | Reached XP level 9. HP: 36/68 MP: 12/12
  6592 | D:6      | Found a burning altar of Makhleb.
  6886 | D:6      | Found an iron altar of Okawaru.
  6887 | D:6      | Found a bloodstained altar of Trog.
  7218 | D:7      | Reached skill level 5 in Dodging
  7738 | D:7      | Reached skill level 5 in Evocations
  8124 | D:8      | Noticed Pikel
  8137 | D:8      | Killed Pikel
  8371 | D:8      | Reached XP level 10. HP: 76/76 MP: 15/15
  8450 | D:8      | Reached skill level 5 in Armour
  8934 | D:8      | Found a stormy altar of Qazlal.
  8953 | D:7      | Reached skill level 5 in Throwing
  9016 | D:8      | Found Ceyzek's Neck Hole.
  9023 | D:8      | Bought the +2 cloak of the Thief {*Fog Slay-2 SInv Stlth+}
                  | for 241 gold pieces
  9023 | D:8      | Found the +2 cloak of the Thief {*Fog Slay-2 SInv Stlth+}
  9316 | D:8      | Noticed Joseph
  9877 | D:8      | Killed Joseph
 10542 | D:8      | Learned a level 4 spell: Summon Lightning Spire
 10548 | D:8      | Learned a level 5 spell: Summon Forest
 10554 | D:8      | Learned a level 5 spell: Summon Mana Viper
 10591 | D:9      | Found a flagged portal.
 10593 | D:9      | Found a staircase to the Orcish Mines.
 10600 | Bailey   | Entered a bailey
 10907 | Bailey   | Reached skill level 5 in Summonings
 11016 | Bailey   | Found a bloodstained altar of Trog.
 11092 | D:9      | Gained mutation: You have a pair of horns on your head.
                  | [demonic ancestry]
 11092 | D:9      | Reached XP level 11. HP: 70/84 MP: 17/17
 11353 | D:9      | Noticed a two-headed ogre
 11363 | D:9      | Killed a two-headed ogre
 11364 | D:9      | Reached skill level 1 in Hexes
 11364 | D:9      | Reached skill level 1 in Translocations
 11364 | D:9      | Reached skill level 1 in Air Magic
 12220 | D:9      | Found a radiant altar of Vehumet.
 12419 | D:10     | Entered Level 10 of the Dungeon
 12678 | D:10     | Found a staircase to the Lair.
 12686 | D:10     | Reached skill level 5 in Spellcasting
 12998 | D:10     | Found a sparkling altar of Nemelex Xobeh.
 13469 | Lair:1   | Entered Level 1 of the Lair of Beasts
 13708 | Lair:1   | HP: 1/84 [polar bear (6)]
 14677 | Lair:1   | Gained mutation: You have a pair of large horns on your
                  | head. [demonic ancestry]
 14677 | Lair:1   | Reached XP level 12. HP: 62/92 MP: 20/20
 15315 | Lair:2   | Reached skill level 5 in Axes
 15360 | Lair:2   | Noticed a death yak
 15362 | Lair:2   | Noticed a death yak
 15380 | Lair:2   | Slain by a death yak

Illustrated notes

Levels and vault maps discovered:
D:1:      ncdulo_halloftheorcs, layout_basic, chequers_serial_rivers_small_3
D:2:      layout_rooms, dreamdust_ecumenical_altar_statues,
          kennysheep_generic_room_16, uniq_natasha, uniq_crazy_yiuf_cottage,
          uniq_sigmund
D:3:      minmay_inner_zag, layout_basic, mainiacjoe_overflow_small_starburst,
          gup_sewer_entry_glass, dk_noncrumbling_2, wad_floor_pattern_untrapped,
          hangedman_decor_clover_reticule, uniq_terence, uniq_jessica, uniq_ijyb
D:4:      layout_cave_pools, minmay_temple_entry_statues
D:5:      layout_gridville, supply_closet_lemuel
D:6:      layout_rooms, grunt_temple_overflow_bloody_war,
          mainiacjoe_overflow_paths, minmay_misc_feat_tiny
D:7:      layout_basic, chequers_serial_rivers_marsh, minmay_hedge_maze,
          hex_medium, grunt_ministairs_10
D:8:      layout_loops_cross, mainiacjoe_overflow_concentric_impassable,
          nicolae_shop_sticking_my_neck_out, uniq_joseph, uniq_pikel
D:9:      layout_basic, lemuel_coloured_pillars_altar, orc_0_dummy,
          enter_bailey_2, small_statue_intersection
D:10:     layout_gridville, mainiacjoe_overflow_catch_the_wave,
          erik_lair_orcish_takeover, nicolae_elevator_lobby_asterisk
Temple:   minmay_temple_curvy_branch
Lair:1:   layout_long_grid, kennysheep_rathole
Lair:2:   layout_long_grid, minivault_25, minmay_holes

Skill      XL: |  1  2  3  4  5  6  7  8  9 10 11 12 |
---------------+-------------------------------------+-----
Armour         | 1 2 3 4 5 6 |  6.6
Dodging        | 2 3 4 5 6 |  6.9
Evocations     | 1 2 3 4 5 6 7 |  7.1
Throwing       | 1 2 3 4 5 6 |  6.3
Fighting       | 4 5 6 7 |  7.8
Summonings     | 1 2 3 5 6 |  6.0
Spellcasting   | 1 2 3 4 5 |  5.5
Maces & Flails | 1 |  1.6
Axes           | 1 2 4 5 |  5.0
Hexes          | 3 |  3.2
Translocations | 2 |  2.7
Air Magic      | 2 |  2.7
Polearms       | |  1.7
Stealth        | |  4.5

Action                   |  1- 3 |  4- 6 |  7- 9 | 10-12 || total
-------------------------+-------+-------+-------+-------++-------
Melee: Spear             |    71 |    58 |       |       ||   129
       Short sword       |       |   157 |    85 |       ||   242
       Headbutt          |       |    20 |    73 |   152 ||   245
       Punch             |       |     2 |       |       ||     2
       Club              |       |       |   102 |       ||   102
       Quarterstaff      |       |       |     4 |       ||     4
       Hand axe          |       |       |   163 |   508 ||   671
Throw: Dart              |     5 |     8 |     2 |     3 ||    18
       Boomerang         |       |       |       |    44 ||    44
 Cast: Call Canine Famil |       |       |       |     9 ||     9
       Summon Lightning  |       |       |       |     1 ||     1
Evoke: Wand              |       |       |       |     2 ||     2
  Use: Scroll            |       |       |       |    11 ||    11
       Potion            |       |       |       |     5 ||     5
 Stab: Sleeping          |       |       |     1 |       ||     1
       Distracted        |       |       |     1 |     6 ||     7
       Paralysed         |       |       |       |    11 ||    11
Armor: Scale mail        |    22 |    69 |   151 |    57 ||   299
       Leather armour    |       |       |       |   135 ||   135
Dodge: Dodged            |    18 |    78 |   167 |   402 ||   665
Block: Other             |     4 |    38 |    32 |       ||    74
       Orb               |       |       |    54 |   137 ||   191
       Reflection        |       |       |     2 |     4 ||     6

Table legend: (Time is in decaauts)
 A = Elapsed time spent in this place.
 B = Non-inter-level travel time spent in this place.
 C = Inter-level travel time spent in this place.
 D = Time resting spent in this place.
 E = Time spent auto-exploring this place.
 F = Levels seen in this place.
 G = Mean time per level.
                   A        B        C        D        E       F      G
               +--------+--------+--------+--------+--------+-----+--------+
         Total |  15730 |  15283 |    447 |   1034 |  11421 |  15 | 1048.7 |
       Dungeon |  11219 |  10812 |    407 |    794 |   8048 |  10 | 1121.9 |
        Temple |     54 |     32 |     22 |      0 |     24 |   1 |   54.0 |
          Lair |   1917 |   1900 |     17 |      0 |   1569 |   2 |  958.5 |
         Sewer |   2056 |   2056 |      0 |    235 |   1477 |   1 | 2056.0 |
        Bailey |    482 |    482 |      0 |      5 |    302 |   1 |  482.0 |
               +--------+--------+--------+--------+--------+-----+--------+

Top non-repeatable levels by time:
   Sewer: 2056 daAuts
     D:7: 1929 daAuts
  Lair:1: 1746 daAuts
     D:8: 1611 daAuts
     D:9: 1554 daAuts
     D:3: 1175 daAuts
     D:6: 1019 daAuts
    D:10: 899 daAuts
     D:5: 884 daAuts
     D:1: 877 daAuts
     D:2: 806 daAuts
  Bailey: 482 daAuts
     D:4: 461 daAuts
  Lair:2: 171 daAuts
  Temple: 54 daAuts
